 Dungeon Crawl Stone Soup version 0.23.0-3-gf3c87f2 (webtiles) character file.

Game seed: 18049820845599945324

100 Kurtz the Chopper (level 4, -4/35 HPs)
             Began as a Mummy Chaos Knight on Feb 21, 2019.
             Was a Plaything of Xom.
             Slain by an orc wizard
             ... wielding a +0 dagger
              (5 damage)
             ... on level 3 of the Dungeon.
             The game lasted 00:01:32 (1897 turns).

Kurtz the Chopper (Mummy Chaos Knight)              Turns: 1897, Time: 00:01:32

Health: -4/35      AC:  9    Str: 16    XL:     4   Next: 47%
Magic:  4/4        EV:  7    Int: 11    God:    Xom [..*...]
Gold:   151        SH:  0    Dex: 11    Spells: 3/3 levels left

rFire    x . .     SeeInvis .   a - +0 hand axe (chaos)
rCold    + . .     Gourm    .   (no shield)
rNeg     + + +     Faith    .   k - +0 chain mail
rPois    ∞         Spirit   .   (no helmet)
rElec    .         Reflect  .   (no cloak)
rCorr    .         Harm     .   f - +0 pair of gloves
MR       .....                  (no boots)
Stlth    ..........             (no amulet)
HPRegen  0.11/turn              g - +1 ring of evasion
MPRegen  0.09/turn              (no ring)

@: no status effects
A: no food or potions, fire vulnerability, cold resistance 1, negative energy
resistance 3, torment resistance, unbreathing
a: Renounce Religion


You were on level 3 of the Dungeon.
You worshipped Xom.
You were a toy of Xom.
You were not hungry.

You visited 1 branch of the dungeon, and saw 3 of its levels.

You collected 151 gold pieces.

Inventory:

Hand Weapons
 a - a +0 hand axe of chaos (weapon)
Missiles
 c - a throwing net (quivered)
Armour
 b - a +2 leather armour
 f - a +0 pair of gloves (worn)
 h - a +0 scale mail
 k - a +0 chain mail (worn)
Jewellery
 g - a +1 ring of evasion (left hand)
Scrolls
 d - 4 scrolls of identify {unknown}
 e - 2 scrolls of magic mapping {unknown}
 i - a scroll of remove curse {unknown}
 j - a scroll of random uselessness {unknown}


   Skills:
 - Level 3.0 Fighting
 * Level 4.2 Axes
 - Level 1.5 Armour
 - Level 0.7 Dodging
 * Level 1.1 Stealth


You had 3 spell levels left.
You didn't know any spells.
Your spell library was empty.

Dungeon Overview and Level Annotations

Branches:
Dungeon (3/15)

Altars:


Innate Abilities, Weirdness & Mutations

You do not eat or drink.
Your flesh is vulnerable to fire.
You are immune to poison.
Your flesh is cold resistant. (rC+)
You are immune to negative energy. (rN+++)
You are immune to unholy pain and torment.
You can survive without breathing.


Message History

You hit the orc wizard. You freeze the orc wizard.
The orc wizard is moderately wounded.
The orc wizard barely misses you.
You hit the orc wizard.
The orc wizard is poisoned.
The orc wizard is heavily wounded.
The orc wizard hits you but does no damage.
The orc wizard barely misses you.
You closely miss the orc wizard.
The orc wizard is heavily wounded.
The orc wizard hits you but does no damage.
You miss the orc wizard.
The orc wizard is heavily wounded.
The orc wizard hits you but does no damage.
The orc wizard hits you with a +0 dagger.
* * * LOW HITPOINT WARNING * * *
Unknown command.
You hit the orc wizard. You freeze the orc wizard.
The orc wizard is severely wounded.
The orc wizard hits you with a +0 dagger.
You die...

...# ..# ... ..#
#o# ###########
#r# ....%......
#o# ###..##### #@#
#..# #.# ###..#
#.# .....# #.#
####.###########.#
#.............#
###############


You could see an orc wizard (berserk), an orc and a rat.

Vanquished Creatures
  An orc wizard (D:2)
  2 adders
  A dart slug (D:2)
  8 orcs
  4 bats
  2 giant cockroaches
  5 hobgoblins
  2 frilled lizards
  7 goblins
  8 kobolds
  3 rats (D:1)
43 creatures vanquished.

Notes
Turn   | Place    | Note
-------+----------+-------------------------------------------
     0 | D:1      | Kurtz the Mummy Chaos Knight began the quest for the Orb.
     0 | D:1      | Reached XP level 1. HP: 18/18 MP: 1/1
    21 | D:1      | XOM: divination: magic mapping
    89 | D:1      | Reached XP level 2. HP: 23/24 MP: 2/2
   117 | D:1      | Reached skill level 3 in Axes
   285 | D:1      | XOM: harmless Tloc miscast
   742 | D:1      | XOM: harmless Summ miscast
   771 | D:1      | XOM: harmless Fire miscast
   851 | D:2      | Reached XP level 3. HP: 28/29 MP: 3/3
   887 | D:2      | XOM: butterfly on damage
  1148 | D:2      | XOM: 5-stop teleportation journey
  1502 | D:2      | XOM: noise
  1510 | D:2      | Reached skill level 4 in Axes
  1510 | D:2      | Reached skill level 1 in Stealth
  1510 | D:2      | Reached XP level 4. HP: 22/35 MP: 4/4
  1685 | D:3      | XOM: noise
  1896 | D:3      | HP: 1/35 [orc wizard/+0 dagger (4)]
  1897 | D:3      | Slain by an orc wizard

Skill      XL: |  1  2  3 |
---------------+----------+-----
Axes           | 3 4 |  4.2
Stealth        | 1 |  1.1
Fighting       | |  3.0
Armour         | |  1.5
Dodging        | |  0.7

Action                   |  1- 3 |  4- 6 || total
-------------------------+-------+-------++-------
Melee: Hand axe          |   102 |    45 ||   147
 Stab: Paralysed         |     2 |       ||     2
Armor: Leather armour    |    29 |       ||    29
       Scale mail        |    15 |     4 ||    19
       Chain mail        |       |    32 ||    32
Dodge: Dodged            |    78 |    28 ||   106
